Map: Bridgehead LE (Void)

Players

EternalSTAR - Winner!

  • Race: Zerg Zerg
  • League: Grandmaster

Javert

  • Race: Zerg Zerg
  • League: Gold

VOD

Have the link to the VOD?

Description

Time

  • Played on: Sept. 16, 2015, 1:22 a.m.
  • Length: 5:14
Show
View Real Time Build Order
Export as new Build Order

EternalSTAR Zerg - Winner!

Build Orders: Pool First 

Get SALT Encoding   

  12  0:18  Spawning Pool  
  11  0:24  Extractor  
  11  0:25  Drone  
  11  0:29  Drone  
  11  0:35  Drone  
  13  0:45  Overlord  
  13  1:05  Queen  
  13  1:06  Zergling x2  
  13  1:10  Zergling x2  
  17  1:15  Zergling x2  
  18  1:20  Zergling x2  
  19  1:31  Metabolic Boost  
  19  1:35  Drone  
  20  1:53  Drone  
  21  1:55  Baneling Nest  
  21  2:01  Overlord  
  20  2:15  Zergling x4  
  22  2:23  Overlord  
  22  2:32  Overlord  
  21  2:39  Zergling x4  
  23  2:46  Zergling x2  
  24  2:52  Zergling x2  
  24  2:54  Zergling x2  
  25  3:07  Zergling x4  
  25  3:12  Baneling  
  26  3:14  Zergling x2  
  25  3:21  Zergling x2  
  25  3:22  Zergling x2  
  24  3:31  Zergling x2  
  24  3:33  Zergling x2  
  26  3:43  Zergling x2  
  25  3:57  Drone x3  
  28  4:05  Baneling x2  
  28  4:06  Baneling x3  
  28  4:16  Zergling x2  
  28  4:17  Zergling x2  
  30  4:27  Drone  
  30  4:29  Roach Warren  
  28  4:56  Hatchery  
Show
View Real Time Build Order
Export as new Build Order

Javert Zerg 

Build Orders: Pool First 

Get SALT Encoding   

  12  0:02  Drone  
  13  0:13  Overlord  
  13  0:17  Drone  
  14  0:31  Drone  
  14  0:32  Drone  
  16  0:36  Drone  
  17  0:46  Spawning Pool  
  17  0:49  Drone  
  18  0:57  Drone  
  18  1:17  Hatchery  
  18  1:18  Drone, Extractor  
  18  1:23  Drone  
  18  1:34  Roach Warren  
  17  1:40  Queen  
  19  1:48  Overlord  
  19  2:14  Roach x3  
  25  2:29  Drone x2  
  27  2:45  Roach x2  
  27  2:50  Queen x2  
  35  3:12  Roach  
  35  3:13  Roach x2  
  35  3:21  Hatchery  
  34  3:29  Roach  
  34  3:31  Overlord  
  37  3:56  Overlord x2  
  37  4:06  Baneling Nest  
  36  4:10  Evolution Chamber  
  36  4:16  Drone x4  
  36  4:17  Drone  
  40  4:21  Hatchery  
  39  4:30  Spine Crawler  
  38  4:37  Roach  
  38  4:38  Roach  
  42  4:44  Overlord  
Tags
 
Add a new tag
Caveats
  • Supply blocks, unpowered buildings, or Contaminate may cause inaccurate times.
  • Supply counts are checked every 10 seconds.